 Dungeon Crawl Stone Soup version 0.30-a0-913-g9934a0ce24 (webtiles) character file.

Game seed: 257359423348903439

5484 FallingFreak the Trooper (level 10, -1/88 HPs)
             Began as a Ghoul Warper on Mar 19, 2023.
             Was an Elder of Okawaru.
             Slain by Urug
             ... wielding a +2 long sword of holy wrath
              (21 damage)
             ... on level 10 of the Dungeon.
             The game lasted 01:23:55 (12976 turns).

FallingFreak the Trooper (Ghoul Warper)            Turns: 12976, Time: 01:23:56

Health: -1/88      AC: 16    Str: 16    XL:     10   Next: 69%
Magic:  23/27      EV: 12    Int: 12    God:    Okawaru [****..]
Gold:   512        SH:  0    Dex:  8    Spells: 14/21 levels left

rFire   . . .      SeeInvis .    a - +4 spear (freeze)
rCold   + . .      Faith    .    k - orb {light}
rNeg    + + +      Spirit   .    W - +0 acid dragon scales
rPois   ∞          Reflect  .    m - +0 helmet
rElec   .          Rampage  .    y - +0 cloak
rCorr   +                        z - +0 pair of gloves
Will    .....                    t - +1 pair of boots
Stlth   +                        H - amulet of the acrobat {@P7}
HPRegen 0.00/turn                B - ring of magical power
MPRegen 0.20/turn                (no ring)

@: heroic, on blink cooldown, inhibited regen, glowing
A: claws 1, cold resistance 1, negative energy resistance 3, inhibited
regeneration, torment resistance 2, devour on kill
a: Renounce Religion, Heroism, Finesse


You were on level 10 of the Dungeon.
You worshipped Okawaru.
Okawaru was greatly pleased with you.
You visited 3 branches of the dungeon, and saw 12 of its levels.
You also visited: Bailey.

You collected 512 gold pieces.

Inventory:

Hand Weapons
 a - a +4 spear of freezing (weapon)
 b - a +0 heavy halberd
Missiles
 d - 7 boomerangs of dispersal (quivered) {!f}
 q - 24 poisoned darts
 J - 18 boomerangs
 N - 4 silver boomerangs
Armour
 k - an orb of light (worn)
 m - a +0 helmet (worn)
 s - a +1 ring mail of cold resistance
 t - a +1 pair of boots (worn)
 y - a +0 cloak (worn)
 z - a +0 pair of gloves (worn)
 V - a scarf of resistance
 W - +0 acid dragon scales (worn)
Jewellery
 B - a ring of magical power (left hand)
 H - an amulet of the acrobat (around neck) {@P7}
 Q - a ring of protection from cold
Wands
 i - a wand of digging (5)
 o - a wand of flame (35)
 L - a wand of light (7)
Scrolls
 c - 3 scrolls of enchant weapon
 f - 2 scrolls of blinking
 g - 4 scrolls of teleportation
 h - a scroll of magic mapping
 D - a scroll of immolation {unknown}
 F - a scroll of fear
 G - 2 scrolls of poison
 O - a scroll of amnesia {unknown}
 R - 2 scrolls of vulnerability
Potions
 p - 4 potions of brilliance {unknown}
 x - 4 potions of heal wounds {unknown}
 M - 4 potions of degeneration {unknown}


   Skills:
 + Level 7.9(12.9) Fighting
 + Level 6.6(11.6) Polearms
 - Level 0.8(5.8) Throwing
 + Level 6.4(11.4) Armour
 - Level 1.7(6.7) Dodging
 - Level 6.0 Spellcasting
 + Level 6.6 Translocations
 + Level 2.9 Invocations


You had 14 spell levels left.
You knew the following spells:

 Your Spells              Type           Power      Damage    Failure   Level
c - Blink                 Tloc           38%        N/A       2%          2
A - Teleport Other        Tloc           19%        N/A       4%          3
Z - Lesser Beckoning      Tloc           38%        N/A       2%          2

Your spell library contained the following spells:

 Spells                   Type           Power      Damage    Failure   Level
 Gell's Gravitas          Tloc           19%        N/A       4%          3
 Manifold Assault         Tloc           19%        N/A       16%         4
 Vhi's Electric Charge    Tloc/Air       22%        N/A       19%         3
 Ignite Poison            Fire/Tmut/Pois 3%         N/A       56%         3
 Mephitic Cloud           Conj/Pois/Air  3%         N/A       56%         3
 Sticky Flame             Conj/Fire      3%         2d3       92%         4
 Dispersal                Tloc           9%         N/A       93%         6
 Disjunction              Tloc           9%         N/A       100%        8
 Ignition                 Fire           1%         3d3       100%        8
 Maxwell's Capacitive Co  Air            1%         ∞         100%        8
 Chain Lightning          Conj/Air       1%         3d2       100%        9


Dungeon Overview and Level Annotations

Branches:
Dungeon (10/15) Zot: 26887  Temple (1/1) D:4 Zot: 5987    Lair (1/5) D:10 Zot: 5968
 Bailey (visited)
    Orc: D:9-12

Altars:
Ashenzari
Cheibriados
Dithmenos
Fedhas
Hepliaklqana
Kikubaaqudgha
Makhleb
Nemelex Xobeh
Okawaru
Qazlal
Ru
Sif Muna
Trog
Uskayaw
Vehumet
Wu Jian
Xom
Yredelemnul
Jiyva

Annotations:
D:3 Ijyb, Robin
D:5 1 exclusion
D:7 1 runed translucent door, Crazy Yiuf
D:8 3 runed translucent doors, 0gre's ghost, journeyman GnIE
D:10 Urug


Innate Abilities, Weirdness & Mutations

You are immune to poison.
You have sharp fingernails.
Your flesh is cold resistant. (rC+)
You are immune to negative energy. (rN+++)
You do not regenerate when monsters are visible.
You are immune to unholy pain and torment.
You thrive by killing the living.


Message History

Aim: Urug, wielding a +2 long sword of holy wrath, wearing a +0 chain mail and quivering javelins (heavily wounded, blind, very poisoned, slow, haloed, about 20% to evade your +4 spear of freezing)
You puncture Urug! You freeze Urug.
Urug is severely wounded.
Urug hits you with a +2 long sword of holy wrath!
You convulse!
Unknown command.
Reach: a) +4 spear (freeze)
Press: ? - help, Dir - move target, f/p - Urug
Aim: Urug, wielding a +2 long sword of holy wrath, wearing a +0 chain mail and quivering javelins (severely wounded, blind, very poisoned, slow, haloed, about 20% to evade your +4 spear of freezing)
You hit Urug but do no damage.
Urug is severely wounded.
Unknown command.
Reach: a) +4 spear (freeze)
Press: ? - help, Dir - move target, f/p - Urug
Aim: Urug, wielding a +2 long sword of holy wrath, wearing a +0 chain mail and quivering javelins (severely wounded, blind, very poisoned, slow, haloed, about 20% to evade your +4 spear of freezing)
You puncture Urug! You freeze Urug.
Urug is severely wounded.
Urug hits you with a +2 long sword of holy wrath!!
* * * LOW HITPOINT WARNING * * *
You convulse!!
* * * LOW HITPOINT WARNING * * *
Unknown command.
Okay, then.
Cast which spell? (? or * to list)
You blink.
You gain the combat prowess of a mighty hero.
Urug is no longer blind.
Reach: a) +4 spear (freeze)
Press: ? - help, Dir - move target, f/p - Urug
Aim: Urug, wielding a +2 long sword of holy wrath, wearing a +0 chain mail and quivering javelins (severely wounded, poisoned, slow, haloed, about 18% to evade your +4 spear of freezing)
You hit Urug but do no damage.
Urug is severely wounded.
Unknown command.
Reach: a) +4 spear (freeze)
Press: ? - help, Dir - move target, f/p - Urug
Aim: Urug, wielding a +2 long sword of holy wrath, wearing a +0 chain mail and quivering javelins (severely wounded, poisoned, slow, haloed, about 18% to evade your +4 spear of freezing)
You hit Urug but do no damage.
Urug is severely wounded.
Urug hits you with a +2 long sword of holy wrath!!
You die...

#....# #.# #..@.#
#.# #...o#####.#
#....'§.##.#
#...(##.##.#
#....##.##.#
#....##.##.########
#....##............
+....#####.########
#.# #.#
############.#
#...........#.#
#.............#
#............##
#............#
#............#


You could see Urug (poisoned, slow).

Vanquished Creatures
  A cyclops (D:7)
  Maggie (D:9)
  A troll (D:9)
  Grinder (D:4)
  A hornet (D:9)
  A wyvern (D:7)
  2 steam dragons
  2 acid dragons (D:9)
  2 black bears
  2 orc warriors
  3 ice beasts
  An ogre (D:5)
  2 centaurs
  5 kobold brigands
  7 bullfrogs (D:7)
  4 scorpions
  5 wights
  8 killer bees
  A howler monkey (D:9)
  4 hounds
  A gnoll bouda (D:7)
  5 jellies
  4 orc priests
  4 iguanas
  3 sleepcaps (D:6)
  9 orc wizards
  7 adders
  3 shadow imps
  A white imp (D:5)
  5 worms
  2 dart slugs
  25 orcs
  11 ball pythons
  4 bats
  11 endoplasms
  6 giant cockroaches
  5 hobgoblins
  A quokka (D:4)
  3 frilled lizards
  18 goblins
  41 kobolds
  11 rats
234 creatures vanquished.

Notes
Turn   | Place    | Note
-------+----------+-------------------------------------------
     0 | D:1      | FallingFreak the Ghoul Warper began the quest for the Orb.
     0 | D:1      | Reached XP level 1. HP: 17/17 MP: 2/2
   497 | D:1      | Reached skill level 1 in Armour
   735 | D:1      | Reached XP level 2. HP: 25/25 MP: 3/3
  1168 | D:2      | Increase (s)trength, (i)ntelligence, or (d)exterity?
  1168 | D:2      | Reached XP level 3. HP: 30/30 MP: 5/5
  1199 | D:2      | Learned a level 2 spell: Blink
  1202 | D:2      | Learned a level 2 spell: Lesser Beckoning
  1532 | D:2      | Reached XP level 4. HP: 37/37 MP: 6/6
  2016 | D:2      | Learned a level 3 spell: Teleport Other
  2123 | D:3      | Noticed a phantom
  2134 | D:3      | Reached skill level 3 in Fighting
  3178 | D:3      | Reached XP level 5. HP: 44/45 MP: 7/7
  3181 | D:3      | Noticed Robin
  3304 | D:3      | Noticed Ijyb
  3852 | D:4      | Reached XP level 6. HP: 50/51 MP: 8/8
  4130 | D:4      | Got Volid's Verses on Aeromancy
  4160 | D:4      | Found a staircase to the Ecumenical Temple.
  4169 | Temple   | Entered the Ecumenical Temple
  4175 | Temple   | Became a worshipper of Warmaster Okawaru
  4886 | D:5      | Entered Level 5 of the Dungeon
  5179 | D:5      | Noticed an ice beast
  5197 | D:5      | Killed an ice beast
  5198 | D:5      | Reached skill level 4 in Fighting
  5198 | D:5      | Reached XP level 7. HP: 59/59 MP: 10/10
  5663 | D:5      | Reached * piety under Okawaru
  5954 | D:5      | Reached XP level 8. HP: 66/67 MP: 12/12
  6157 | D:5      | Reached skill level 1 in Invocations
  6222 | D:5      | Noticed Grinder
  6273 | D:5      | Paralysed by Grinder for 3 turns
  6297 | D:4      | Killed Grinder
  6298 | D:4      | Reached skill level 5 in Fighting
  7069 | D:6      | Found a hazy altar of Hepliaklqana.
  7070 | D:6      | Found a sacrificial altar of Ru.
  8436 | D:6      | Increase (s)trength, (i)ntelligence, or (d)exterity?
  8436 | D:6      | Reached XP level 9. HP: 74/75 MP: 14/14
  8528 | D:7      | Reached skill level 6 in Fighting
  8528 | D:7      | Reached skill level 5 in Translocations
  8530 | D:7      | Reached ** piety under Okawaru
  8531 | D:7      | Reached skill level 5 in Polearms
  8584 | D:7      | You miscast Lesser Beckoning.
  8662 | D:7      | Found a flagged portal.
  8671 | Bailey   | Entered a bailey
  8744 | Bailey   | Noticed an orc warlord
  8824 | Bailey   | You miscast Lesser Beckoning.
  8954 | Bailey   | You miscast Teleport Other.
  8989 | Bailey   | You miscast Teleport Other.
  9140 | D:7      | Found a runed translucent door.
  9141 | D:7      | Noticed Crazy Yiuf
  9560 | D:6      | Reached skill level 5 in Armour
  9607 | D:7      | Reached skill level 5 in Spellcasting
  9982 | D:7      | Noticed a cyclops
 10002 | D:7      | Killed a cyclops
 10002 | D:7      | Reached *** piety under Okawaru
 10003 | D:7      | Reached skill level 7 in Fighting
 10003 | D:7      | Reached XP level 10. HP: 37/86 MP: 17/17
 10573 | D:8      | Found a runed translucent gate.
 10574 | D:8      | Found a runed translucent gate.
 10594 | D:8      | Found a runed translucent gate.
 10601 | D:8      | Noticed 0gre's ghost (journeyman GnIE)
 10734 | D:7      | Found a radiant altar of Vehumet.
 10734 | D:7      | Found a bloodstained altar of Trog.
 11300 | D:8      | Found a viscous altar of Jiyva.
 11312 | D:8      | You miscast Lesser Beckoning.
 11658 | D:9      | Reached **** piety under Okawaru
 12328 | D:9      | Noticed Maggie
 12351 | D:9      | Killed Maggie
 12830 | D:10     | Entered Level 10 of the Dungeon
 12845 | D:10     | Found a staircase to the Lair.
 12850 | Lair:1   | Entered Level 1 of the Lair of Beasts
 12962 | D:10     | Noticed Urug
 12976 | D:10     | Slain by Urug

Illustrated notes

Levels and vault maps discovered:
D:1:      sevenhm_arrival_forest_fort_large_4, layout_rooms, patterned_corridor
D:2:      minmay_evil_eye, layout_rooms, minmay_quadrilaterals
D:3:      layout_loops_corners, nicolae_goblin_pals
D:4:      layout_basic, lemuel_temple_firewalk_a, minmay_vboxes
D:5:      layout_loops_ring, portal_sewer_entry_e, uniq_grinder
D:6:      layout_basic, chequers_temple_overflow_statue_of_worship,
          nrook_campfire, chequers_serial_rivers_micro_b
D:7:      layout_rooms, gammafunk_temple_overflow_statue, enter_bailey_5,
          nzn_random_ring, uniq_crazy_yiuf_cottage
D:8:      layout_rooms, ebering_ghost_rock_garden, jiyva_altar_1
D:9:      layout_basic, uniq_maggie
D:10:     kennysheep_blocky_hall, layout_basic, grunt_gozag_statues,
          uniq_harold, uniq_fannar, uniq_urug
Temple:   sentei_temple_godly_chess
Lair:1:   layout_hall_layers, st_stairs_7, minmay_hedge_maze,
          serial_bayou_shore_b, infiniplex_staircase_pool, grunt_megastairs_1,
          serial_bayou_shore_b, serial_bayou_shore_a, uniq_gastronok

Skill      XL: |  1  2  3  4  5  6  7  8  9 10 |
---------------+-------------------------------+-----
Armour         | 1 2 3 4 5 6 |  6.4
Polearms       | 2 3 4 5 6 |  6.6
Spellcasting   | 2 3 4 5 6 |  6.0
Translocations | 3 4 5 6 |  6.6
Fighting       | 3 4 5 7 |  7.9
Invocations    | 2 |  2.9
Throwing       | |  0.8
Dodging        | |  1.7

Action                     |  1- 3 |  4- 6 |  7- 9 | 10-12 || total
---------------------------+-------+-------+-------+-------++-------
  Melee: Spear             |   152 |   214 |   448 |   240 ||  1054
         Punch             |       |     2 |     2 |       ||     4
  Throw: Dart              |       |     8 |    44 |    31 ||    83
         Boomerang         |       |       |    16 |    16 ||    32
   Cast: Lesser Beckoning  |       |       |    21 |     9 ||    30
         Blink             |       |       |     3 |     7 ||    10
         Teleport Other    |       |       |     7 |       ||     7
 Invoke: Heroism           |       |       |     3 |     1 ||     4
  Evoke: Wand              |       |     2 |     1 |     6 ||     9
    Use: Scroll            |       |     6 |     3 |     2 ||    11
   Stab: Invisible         |       |       |       |     1 ||     1
 Armour: Scale mail        |    57 |    13 |       |       ||    70
         Leather armour    |     1 |       |       |       ||     1
         Ring mail         |       |    50 |   178 |    48 ||   276
         Acid dragon scale |       |       |       |    26 ||    26
  Dodge: Dodged            |    52 |   138 |   211 |   101 ||   502

Table legend: (Time is in decaauts)
 A = Elapsed time spent in this place.
 B = Non-inter-level travel time spent in this place.
 C = Inter-level travel time spent in this place.
 D = Time resting spent in this place.
 E = Time spent auto-exploring this place.
 F = Levels seen in this place.
 G = Mean time per level.
                   A        B        C        D        E       F      G
               +--------+--------+--------+--------+--------+-----+--------+
         Total |  12880 |  12148 |    732 |   3280 |   5554 |  13 |  990.8 |
       Dungeon |  12524 |  11799 |    725 |   3184 |   5552 |  10 | 1252.4 |
        Temple |     12 |      5 |      7 |      0 |      2 |   1 |   12.0 |
          Lair |     31 |     31 |      0 |      0 |      0 |   1 |   31.0 |
        Bailey |    311 |    311 |      0 |     96 |      0 |   1 |  311.0 |
               +--------+--------+--------+--------+--------+-----+--------+

Top non-repeatable levels by time:
     D:7: 1852 daAuts
     D:4: 1791 daAuts
     D:5: 1688 daAuts
     D:6: 1506 daAuts
     D:3: 1374 daAuts
     D:9: 1291 daAuts
     D:2: 1164 daAuts
     D:1: 1017 daAuts
     D:8: 727 daAuts
  Bailey: 311 daAuts
    D:10: 111 daAuts
  Lair:1: 31 daAuts
  Temple: 12 daAuts
